 Dungeon Crawl Stone Soup version 0.30.1-3-gfc49f6343a (webtiles) character file.

Game seed: 2249884590636583356

23779 Anriel the Nimble (level 13, -8/86 HPs)
             Began as a Human Conjurer on Aug 8, 2023.
             Was a Priest of Sif Muna.
             Mangled by a death knight
             ... wielding a +0 broad axe
              (24 damage)
             ... on level 13 of the Dungeon.
             The game lasted 01:54:39 (17358 turns).

Anriel the Nimble (Human Conjurer)                 Turns: 17358, Time: 01:54:40

Health: -8/86      AC: 18    Str:  8    XL:     13   Next: 37%
Magic:  26/35      EV: 16    Int: 29    God:    Sif Muna [***...]
Gold:   441        SH:  0    Dex: 16    Spells: 2/30 levels left

rFire   + + .        i - staff of conjuration "Towagin Odyu" {rF+ rN+ Will++ Stlth-}
rCold   + . .        (no shield)
rNeg    + . .        A - +5 leather armour of Liczue {Regen+}
rPois   +            j - +2 helmet
rElec   .            Q - +1 cloak {Stlth+}
rCorr   .            u - +1 pair of gloves
SInv    .            y - +1 pair of boots "Vustrueth" {Will+ MP+9 Int+3 Dex+3}
Will    +++..        B - amulet of the acrobat
Stlth   ++           h - ring of protection from fire
HPRegen 1.14/turn    r - ring "Girecasch" {rPois rC+ Int+4}
MPRegen 0.24/turn

%: acrobat
@: very slow
A: no striking features
a: Renounce Religion, Channel Magic, Forget Spell


You were on level 13 of the Dungeon.
You worshipped Sif Muna.
Sif Muna was most pleased with you.
You visited 2 branches of the dungeon, and saw 15 of its levels.
You also visited: Ossuary and Bailey.

You collected 2045 gold pieces.
You spent 1604 gold pieces at shops.

Inventory:

Hand Weapons
 n - a +2 dagger of venom
Missiles
 C - a throwing net
Armour
 j - a +2 helmet (worn)
 k - the +0 ring mail "Qauhaek" {rPois rN+ Dex-4 Stlth+}
   (You took it off a kobold on level 2 of the Dungeon)

   Dex:       It affects your dexterity (-4).
   rPois:     It protects you from poison.
   rN:        It protects you from negative energy.
   Stlth:     It makes you more stealthy.
 u - a +1 pair of gloves (worn)
 y - the +1 pair of boots "Vustrueth" (worn) {Will+ MP+9 Int+3 Dex+3}
   (You bought it in a shop on level 2 of the Dungeon)

   Int:       It affects your intelligence (+3).
   Dex:       It affects your dexterity (+3).
   MP:        It affects your magic capacity (+9).
   Will:      It increases your willpower.
 A - the +5 leather armour of Liczue (worn) {Regen+}
   (You bought it in a shop on level 2 of the Dungeon)

   Regen:     It increases your rate of health regeneration.
 I - +0 acid dragon scales
 J - a +1 pair of boots of flying
 Q - a +1 cloak of stealth (worn)
Magical Staves
 i - the staff of conjuration "Towagin Odyu" (weapon) {rF+ rN+ Will++ Stlth-}
   (You acquired it on level 9 of the Dungeon)

   [staff of conjuration]

   Base accuracy: +5 Base damage: 5 Base attack delay: 1.2 This weapon's minimum
   attack delay (0.6) is reached at skill level 12.
   rF:        It protects you from fire.
   rN:        It protects you from negative energy.
   Will:      It greatly increases your willpower.
   Stlth:     It makes you less stealthy.
   It falls into the 'Staves' category.
   It is a one-handed weapon.
Jewellery
 e - an amulet of regeneration
 g - an amulet of guardian spirit
 h - a ring of protection from fire (left hand)
 p - a ring of protection from fire
 r - the ring "Girecasch" (right hand) {rPois rC+ Int+4}
   (You acquired it on level 2 of the Dungeon)

   [ring of poison resistance]

   Int:       It affects your intelligence (+4).
   rC:        It protects you from cold.
   rPois:     It protects you from poison.
 B - an amulet of the acrobat (around neck)
 D - a ring of protection from cold
 G - a ring of flight
 M - a ring of ice
Wands
 b - a wand of paralysis (19)
 f - a wand of digging (5)
 L - a wand of quicksilver (3)
 N - a wand of iceblast (25)
Scrolls
 a - 10 scrolls of identify
 d - 3 scrolls of fear
 l - 4 scrolls of teleportation
 w - 4 scrolls of immolation
 F - 2 scrolls of poison
 K - a scroll of brand weapon
 P - a scroll of amnesia
 S - a scroll of enchant weapon {unknown}
Potions
 c - 2 potions of might
 m - 2 potions of berserk rage
 o - a potion of resistance
 q - 3 potions of flight
 s - a potion of cancellation
 t - 5 potions of curing
 x - 4 potions of mutation
 z - 2 potions of lignification
Miscellaneous
 E - a phial of floods (inert)
 H - a box of beasts (inert)
 O - a piece from Xom's chessboard (15/15)


   Skills:
 - Level 3.0 Fighting
 - Level 5.0 Armour
 + Level 10.1 Dodging
 - Level 5.0 Stealth
 - Level 9.0 Spellcasting
 - Level 6.1 Conjurations
 - Level 5.0 Hexes
 - Level 5.0 Translocations
 * Level 8.5 Fire Magic
 + Level 5.5 Air Magic
 + Level 7.9 Invocations


You had 2 spell levels left.
You knew the following spells:

 Your Spells              Type           Power      Damage    Failure   Level
a - Magic Dart            Conj           100%       1d8       1%          1
b - Searing Ray           Conj           100%       2d8       1%          2
c - Dazzling Flash        Conj/Hex       100%       N/A       1%          3
d - Volatile Blastmotes   Fire/Tloc      100%       2d18      1%          3
e - Flame Wave            Conj/Fire      70%        2d16      2%          4
f - Plasma Beam           Fire/Air       26%        2x1d42    43%         6
g - Fire Storm            Conj/Fire      35%        8d9       100%        9

Your spell library contained the following spells:

 Spells                   Type           Power      Damage    Failure   Level
 Summon Small Mammal      Summ           52%        N/A       5%          1
 Sublimation of Blood     Necr           13%        N/A       9%          2
 Inner Flame              Hex/Fire       51%        N/A       1%          3
 Vhi's Electric Charge    Tloc/Air       86%        N/A       1%          3
 Portal Projectile        Hex/Tloc       84%        N/A       2%          3
 Sticky Flame             Conj/Fire      70%        2d8       2%          4
 Iskenderun's Mystic Bla  Conj/Tloc      62%        2d13      5%          4
 Summon Guardian Golem    Hex/Summ       27%        N/A       6%          3
 Fulminant Prism          Conj/Hex       30%        3d15      6%          4
 Arcjolt                  Conj/Air       31%        1d41      14%         5
 Call Canine Familiar     Summ           13%        N/A       17%         3
 Silence                  Hex/Air        21%        N/A       19%         5
 Leda's Liquefaction      Hex/Erth       13%        N/A       21%         4
 Irradiate                Conj/Tmut      23%        3d19      41%         5
 Petrify                  Tmut/Erth      13%        N/A       50%         4
 Metabolic Englaciation   Hex/Ice        13%        N/A       50%         5
 Agony                    Necr           13%        N/A       83%         5
 Lee's Rapid Deconstruct  Erth           6%         3d6*      83%         5
 Statue Form              Tmut/Erth      8%         N/A       100%        6
 Chain Lightning          Conj/Air       31%        3d42      100%        9
 Shatter                  Erth           6%         3d9*      100%        9


Dungeon Overview and Level Annotations

Branches:
Dungeon (14/15)            Temple (1/1) D:7            Lair (0/5) D:9
    Orc (0/2) D:11         Vaults (0/5) D:13        Ossuary (visited)
 Bailey (visited)

Altars:
Ashenzari
Cheibriados
Dithmenos
Elyvilon
Fedhas
Gozag
Hepliaklqana
Kikubaaqudgha
Makhleb
Nemelex Xobeh
Okawaru
Qazlal
Ru
Sif Muna
Trog
Uskayaw
Vehumet
Wu Jian
Xom
Yredelemnul
Zin
The Shining One

Shops:
D:2 ![?!   D:7 (   D:9 (=:   D:10 =****   D:11 :


Message History

You finish channelling waves of flame.
The death knight reflects your damage back at you!
The death knight hits you with a +0 broad axe!!
* * * LOW HITPOINT WARNING * * *
Okay, then.
Okay, then.
You open the lid... ...and a larval stingox beast leaps out!
The box is emptied!
The death knight hits you but does no damage.
The death knight attacks as you move away!
The death knight hits you with a +0 broad axe!
* * * LOW HITPOINT WARNING * * *
The death knight's dark mirror aura disappears.
Your larval stingox beast stings the death knight but does no damage.
There is a stone staircase leading down here.
The death knight attacks as you move away!
The death knight completely misses you.
Your larval stingox beast barely misses the death knight.
Your larval stingox beast stings the death knight but does no damage.
Your larval stingox beast misses the death knight.
Your larval stingox beast hits the death knight.
Your larval stingox beast closely misses the death knight.
Your larval stingox beast barely misses the death knight.
Okay, then.
Aim the phial where?
Press: ? - help, Shift-Dir - straight line, f - death knight
Aim: a death knight, wielding a +0 broad axe and wearing a +0 chain mail (severely wounded, ally target)
The torrent of water hits the death knight.
The death knight is severely wounded.
The death knight is engulfed in water.
The wave splashes down.
Splash!
You fall into the shallow water.
Moving in this stuff is going to be slow.
Your larval stingox beast is engulfed in water.
You hear a shout!
The skeletal warrior throws a poisoned dart.
The poisoned dart hits your larval stingox beast!
The death knight hits you with a +0 broad axe!!
You die...

.##......# #.# #....
###......# #.# .... #
#.....## #.# #?/. #
#.....# #.# #... #
#.....# ##.## #... #
#.....#
###########...#####...
# #.....#
#.[.....z.W.∩.....#...
# #.....#
#....~H>###...###...z.
# ####### #....@p~#
##.## #....p #
#....~~## #)# ###).. #
#....~.# #.# #... #
######## #.# ###... #
#.####.....
#.p.z..##..
##########. #


You could see a death knight (waterlogged, ally target), a skeletal warrior, a
shadow and a friendly larval stingox beast (summoned, waterlogged).

Vanquished Creatures
  3 vault guards (D:13)
  A boulder beetle (D:12)
  A centaur warrior (D:13)
  5 two-headed ogres
  4 skeletal warriors (D:9)
  2 orc knights (Bailey)
  2 deep elf pyromancers (D:13)
  2 cyclopes
  An ugly thing (D:13)
  5 orange demons (D:10)
  An unseen horror (D:10)
  Psyche (D:11)
  2 freezing wraiths (D:13)
  A komodo dragon (D:11)
  2 red devils (D:10)
  3 trolls
  A hornet (D:10)
  A vampire (D:10)
  Grum (D:10)
  3 wraiths
  2 vampire mosquitoes (D:13)
  2 steam dragons
  2 acid dragons
  Duvessa (D:7)
  5 orc warriors
  A sky beast (D:8)
  An ice beast (D:7)
  2 black bears
  3 hornet zombies (Ossuary)
  10 centaurs
  7 wolves
  2 kobold brigands
  A phantom (D:4)
  6 bullfrogs
  5 gnoll sergeants
  3 water moccasin zombies (Ossuary)
  2 wyvern zombies (Ossuary)
  6 scorpions
  4 wights (D:9)
  Dowan (D:7)
  25 killer bees
  2 electric eels (D:9)
  8 howler monkeys
  4 centaur zombies (Ossuary)
  5 hounds
  3 bullfrog zombies (Ossuary)
  5 orc priests
  2 sleepcaps
  10 orc wizards
  4 killer bee zombies (Ossuary)
  14 mummies (Ossuary)
  30 gnolls
  12 adders
  4 white imps
  2 ufetubi
  5 worms
  A dart slug (D:4)
  38 orcs
  4 ball pythons
  2 endoplasms
  7 giant cockroaches
  8 goblins
  10 hobgoblins
  4 jackals (D:4)
  3 quokkas
  A bat (D:1)
  3 frilled lizards
  27 kobolds
  6 rats
357 creatures vanquished.

Vanquished Creatures (others)
  A quokka (D:6)
1 creature vanquished.

Grand Total: 358 creatures vanquished

Notes
Turn   | Place    | Note
-------+----------+-------------------------------------------
     0 | D:1      | Anriel the Human Conjurer began the quest for the Orb.
     0 | D:1      | Reached XP level 1. HP: 13/13 MP: 3/3
   394 | D:1      | Reached XP level 2. HP: 19/19 MP: 3/5
   733 | D:1      | Learned a level 2 spell: Searing Ray
   814 | D:2      | Found a faded altar of an unknown god.
   869 | D:2      | Found Obolotat's Distillery.
   987 | D:2      | Found Xisasmah's Magic Scroll Boutique.
   991 | D:2      | Found Yghuw's Armour Emporium.
   997 | D:2      | Bought a scroll of identify for 24 gold pieces
  1006 | D:2      | Found Neokuvyn's Distillery.
  1127 | D:2      | Reached XP level 3. HP: 16/24 MP: 1/7
  1353 | D:2      | Identified the +0 ring mail "Qauhaek" {rPois rN+ Dex-4
                  | Stlth+}
  1957 | D:3      | Reached XP level 4. HP: 30/30 MP: 5/8
  2810 | D:4      | Noticed a scorpion
  2820 | D:4      | Killed a scorpion
  2821 | D:4      | Reached XP level 5. HP: 35/35 MP: 5/11
  2962 | D:4      | Noticed a phantom
  3052 | D:4      | Killed a phantom
  3053 | D:4      | Reached skill level 5 in Spellcasting
  3053 | D:4      | Reached XP level 6. HP: 41/41 MP: 3/14
  3494 | D:4      | Reached XP level 7. HP: 46/46 MP: 10/16
  3846 | D:5      | Entered Level 5 of the Dungeon
  4061 | D:5      | Reached skill level 5 in Conjurations
  4192 | D:5      | Reached skill level 3 in Dodging
  4207 | D:5      | Found a sand-covered staircase.
  4212 | Ossuary  | Entered an ossuary
  4306 | Ossuary  | Reached XP level 8. HP: 49/52 MP: 5/17
  4444 | Ossuary  | Reached skill level 1 in Fighting
  4490 | Ossuary  | Reached skill level 4 in Dodging
  4824 | Ossuary  | Learned a level 3 spell: Dazzling Flash
  4828 | Ossuary  | Learned a level 3 spell: Volatile Blastmotes
  4833 | Ossuary  | Learned a level 4 spell: Flame Wave
  4954 | Ossuary  | Reached skill level 1 in Armour
  4954 | Ossuary  | Reached XP level 9. HP: 63/63 MP: 11/18
  5031 | Ossuary  | Reached skill level 5 in Stealth
  5199 | Ossuary  | Reached skill level 1 in Hexes
  5199 | Ossuary  | Reached skill level 1 in Fire Magic
  5362 | D:5      | Reached skill level 5 in Dodging
  6669 | D:5      | Identified 2 scrolls of acquirement
  6669 | D:5      | Acquired 1055 gold pieces
  6809 | D:2      | Bought the +1 pair of boots "Vustrueth" {Will+ MP+9 Int+3
                  | Dex+3} for 750 gold pieces
  6814 | D:2      | Bought the +5 leather armour of Liczue {Regen+} for 476
                  | gold pieces
  6841 | D:2      | Acquired the ring "Girecasch" {rPois rC+ Int+4}
  6982 | D:6      | Found a white marble altar of Elyvilon.
  7358 | D:6      | Found a basalt altar of Yredelemnul.
  8165 | D:7      | Reached skill level 5 in Armour
  8165 | D:7      | Reached XP level 10. HP: 70/70 MP: 19/19
  8184 | D:7      | Found a hazy altar of Hepliaklqana.
  8330 | D:7      | Found a staircase to the Ecumenical Temple.
  8339 | Temple   | Entered the Ecumenical Temple
  8458 | Temple   | Became a worshipper of Sif Muna the Loreminder
  8601 | D:7      | Found Kaineic's Weapon Shoppe.
  8616 | D:7      | Reached skill level 6 in Dodging
  8768 | D:7      | Noticed Duvessa
  8769 | D:7      | Noticed Dowan
  8792 | D:7      | Killed Duvessa
  8807 | D:7      | Killed Dowan
 10486 | D:2      | Bought a +1 pair of gloves for 161 gold pieces
 10504 | D:2      | Bought a scroll of identify for 24 gold pieces
 10504 | D:2      | Bought a scroll of identify for 24 gold pieces
 10725 | D:9      | Found Culuunk's Jewellery Shop.
 10810 | D:9      | Acquired the staff of conjuration "Towagin Odyu" {rF+ rN+
                  | Will++ Stlth-}
 10859 | D:9      | Found Ifyum's Antique Weapon Boutique.
 11050 | D:9      | Found a staircase to the Lair.
 11303 | D:9      | Reached skill level 7 in Dodging
 11303 | D:9      | Reached skill level 5 in Fire Magic
 11303 | D:9      | Reached XP level 11. HP: 75/75 MP: 22/22
 11308 | D:9      | Reached skill level 5 in Hexes
 11314 | D:9      | Noticed a skeletal warrior
 11317 | D:9      | Learned a level 6 spell: Plasma Beam
 11372 | D:9      | Noticed a skeletal warrior
 11389 | D:9      | Found Ibeceaf's Book Shop.
 11389 | D:9      | Noticed a skeletal warrior
 11398 | D:9      | Noticed a skeletal warrior
 11559 | D:9      | Killed a skeletal warrior
 11559 | D:9      | Reached * piety under Sif Muna
 11560 | D:9      | Reached skill level 1 in Translocations
 11597 | D:9      | Killed a skeletal warrior
 11598 | D:9      | Reached skill level 1 in Air Magic
 11855 | D:9      | Killed a skeletal warrior
 12442 | D:9      | Killed a skeletal warrior
 12808 | D:10     | Entered Level 10 of the Dungeon
 13010 | D:10     | Found a flagged portal.
 13020 | Bailey   | Entered a bailey
 13038 | Bailey   | Noticed an orc knight
 13064 | Bailey   | Noticed an orc knight
 13271 | Bailey   | Killed an orc knight
 13275 | Bailey   | Killed an orc knight
 13276 | Bailey   | Reached skill level 8 in Dodging
 13392 | Bailey   | Reached ** piety under Sif Muna
 13676 | D:10     | Noticed Grum
 13686 | D:10     | Killed Grum
 13687 | D:10     | Found Jafem's Jewellery Emporium.
 13748 | D:10     | Found Xurgh's General Store.
 13750 | D:10     | Found Quocagur's General Store.
 13760 | D:10     | Bought a scroll of identify for 30 gold pieces
 13760 | D:10     | Bought 2 scrolls of identify for 60 gold pieces
 13760 | D:10     | Bought a scroll of identify for 30 gold pieces
 13784 | D:10     | Found Agotwaon's Assorted Antiques.
 13828 | D:10     | Reached XP level 12. HP: 73/81 MP: 25/25
 13832 | D:10     | Reached skill level 5 in Air Magic
 13843 | D:10     | Learned a level 9 spell: Fire Storm
 13845 | D:10     | Noticed a two-headed ogre
 13859 | D:10     | Killed a two-headed ogre
 13886 | D:10     | Found Cile's Assorted Antiques.
 13971 | D:10     | Bought a smoky purple potion for 25 gold pieces
 14095 | D:10     | Reached skill level 5 in Translocations
 14102 | D:10     | Reached skill level 1 in Invocations
 14387 | D:10     | Found a blossoming altar of Fedhas.
 14389 | D:10     | Found an iron altar of Okawaru.
 14724 | D:11     | Found a staircase to the Orcish Mines.
 14752 | D:11     | Reached *** piety under Sif Muna
 14755 | D:11     | Reached skill level 9 in Dodging
 14762 | D:11     | Noticed Psyche
 14765 | D:11     | Noticed a two-headed ogre
 14780 | D:11     | Killed Psyche
 14838 | D:11     | Killed a two-headed ogre
 15066 | D:11     | Noticed a two-headed ogre
 15082 | D:11     | Killed a two-headed ogre
 15333 | D:11     | Reached skill level 5 in Invocations
 15377 | D:11     | Found Etun Sadd's Book Boutique.
 15395 | D:11     | Noticed a two-headed ogre
 15402 | D:11     | Killed a two-headed ogre
 15920 | D:12     | Noticed a two-headed ogre
 15928 | D:12     | Killed a two-headed ogre
 16119 | D:12     | Noticed a boulder beetle
 16133 | D:12     | Killed a boulder beetle
 16458 | D:13     | Noticed a death knight
 16458 | D:13     | Noticed a skeletal warrior
 16466 | D:13     | Reached XP level 13. HP: 56/86 MP: 25/26
 16466 | D:13     | Noticed a centaur warrior
 16642 | D:13     | Killed a centaur warrior
 16665 | D:13     | Found a gate to the Vaults.
 16665 | D:13     | Noticed a vault guard
 16665 | D:13     | Noticed a vault guard
 16665 | D:13     | Noticed a vault guard
 16665 | D:13     | Noticed a vault guard
 16665 | D:13     | Noticed a vault guard
 16666 | D:13     | Noticed a vault guard
 16667 | D:13     | Noticed a vault guard
 16667 | D:13     | Noticed a vault guard
 16855 | D:13     | Killed a vault guard
 17044 | D:13     | Reached skill level 10 in Dodging
 17124 | D:13     | Killed a vault guard
 17175 | D:13     | Noticed a centaur warrior
 17212 | D:13     | Killed a vault guard
 17358 | D:13     | Mangled by a death knight

Illustrated notes

Levels and vault maps discovered:
D:1:      evilmike_arrival_rings, layout_basic, minmay_misc_feat_nine_boxes
D:2:      minmay_recursive_quarters, layout_basic, serial_shops,
          nicolae_shop_industrial_runoff, nicolae_shop_advertising_works
          [nicolae_subvault_shop_adworks], shop_fountains, shop,
          nicolae_ecumenical_oubliette, chequers_serial_rivers_micro_d,
          minmay_pentomino_x4
D:3:      cheibrodos_old_hovel, layout_loops_cross
D:4:      layout_basic
D:5:      layout_basic, enter_ossuary_5, cheibrodos_sewer_entry_bend,
          kennysheep_pointless_box
D:6:      minmay_general_purpose_star, layout_loops_corners, elyvilon_altar_4,
          yredelemnul_altar_generic
D:7:      layout_cave_pods, mainiacjoe_overflow_surrounded_room,
          minmay_temple_entry_overgrown, serial_shops,
          nicolae_shop_bloodbath_and_beyond, uniq_duvessa
D:8:      layout_basic, serial_curves, eino_curves_03, eino_curves_03,
          hex_medium, nicolae_water_bricks
D:9:      layout_roguey, erik_lair_island, serial_shops, shop, shop,
          kennysheep_little_box
D:10:     layout_rooms, jmf_multi_god_temple, enter_bailey_4, serial_shops,
          shop, nicolae_shop_tiny_statue_garden, nicolae_lakefront_shop, shop,
          nicolae_shop_gaudy_bauble, minmay_beelzebubs_servants, uniq_grum
D:11:     layout_gridville, serial_shops, nicolae_book_shop_shelving,
          minmay_variable_closet, uniq_psyche
D:12:     layout_roguey
D:13:     layout_rooms, erik_vaults_2
D:14:     layout_irregular_city, grunt_decor_one_mirror
Temple:   minmay_temple_bridge_d

Skill      XL: |  1  2  3  4  5  6  7  8  9 10 11 12 13 |
---------------+----------------------------------------+-----
Spellcasting   | 3 4 5 6 7 9 |  9.0
Stealth        | 3 4 5 |  5.0
Conjurations   | 5 6 |  6.1
Dodging        | 3 4 5 7 8 9 10 | 10.1
Fighting       | 3 |  3.0
Armour         | 1 5 |  5.0
Hexes          | 3 4 5 |  5.0
Fire Magic     | 3 5 7 8 |  8.5
Translocations | 4 5 |  5.0
Air Magic      | 4 5 |  5.5
Invocations    | 6 7 |  7.9

Action                     |  1- 3 |  4- 6 |  7- 9 | 10-12 | 13-15 || total
---------------------------+-------+-------+-------+-------+-------++-------
  Melee: Unarmed           |    21 |       |       |       |       ||    21
         Dagger            |     7 |       |   167 |    79 |     6 ||   259
         Short sword       |       |     9 |       |       |       ||     9
         Punch             |       |       |     4 |     4 |     1 ||     9
         Staff             |       |       |       |     9 |     3 ||    12
   Cast: Magic Dart        |    46 |    39 |   121 |   154 |     9 ||   369
         Searing Ray       |     3 |    14 |    57 |    49 |    12 ||   135
         Volatile Blastmot |       |       |     7 |    87 |       ||    94
         Dazzling Flash    |       |       |     2 |     5 |    15 ||    22
         Flame Wave        |       |       |       |    56 |    20 ||    76
 Invoke: Channel Magic     |       |       |       |       |     3 ||     3
  Evoke: Wand              |       |       |       |     1 |       ||     1
         Box of beasts     |       |       |       |       |     1 ||     1
         Phial of floods   |       |       |       |       |     1 ||     1
    Use: Scroll            |    10 |     3 |    12 |    13 |     8 ||    46
         Potion            |       |       |     6 |    11 |     1 ||    18
   Stab: Distracted        |       |       |     1 |       |       ||     1
         Invisible         |       |       |     3 |     1 |       ||     4
         Sleeping          |       |       |     2 |     2 |     1 ||     5
 Armour: Robe              |     9 |     9 |    76 |       |       ||    94
         Leather armour    |       |       |     6 |   101 |    43 ||   150
  Dodge: Dodged            |    23 |    23 |   209 |   378 |   100 ||   733
